Map: Dreamcatcher LE

Players

Rail

  • Race: Protoss Protoss
  • League: Master
  • Spawn Location: 5:00

Harstem - Winner!

  • Race: Protoss Protoss
  • League: Master
  • Spawn Location: 11:00

Event: HomeStory Cup XVIII

VOD

Have the link to the VOD?

Description

Time

  • Played on: Nov. 22, 2018, 8:39 a.m.
  • Length: 9:38

All games in this series

Show
View Real Time Build Order
Export as new Build Order

Rail Protoss 

Build Orders:  

Get SALT Encoding   

  12  0:00  Probe  
  13  0:12  Probe  
  14  0:17  Pylon  
  14  0:25  Probe  
  15  0:34  Probe  
  15  0:37  Gateway  
  15  0:42  Probe  
  16  0:47  Assimilator  
  17  0:51  Probe  
  17  0:56  Assimilator  
  18  1:00  Probe  
  19  1:08  Gateway, Probe  
  19  1:18  Probe  
  20  1:24  Cybernetics Core  
  21  1:30  Probe  
  22  1:34  Pylon  
  22  1:42  Probe  
  23  1:54  Probe  
  23  2:01  Adept x2, Warp Gate  
  28  2:06  Probe  
  29  2:10  Pylon  
  29  2:28  Adept x2  
  32  2:48  Nexus  
  32  2:55  Adept  
  34  2:59  Adept  
  36  3:11  Robotics Facility  
  36  3:18  Pylon  
  36  3:23  Sentry  
  38  3:30  Shield Battery  
  38  3:32  Probe  
  39  3:36  Sentry  
  41  3:44  Probe  
  41  3:45  Shield Battery  
  42  3:51  Immortal  
  42  3:56  Probe  
  47  4:05  Probe  
  49  4:10  Probe  
  49  4:17  Probe  
  51  4:24  Probe  
  51  4:30  Stalker  
  51  4:31  Stalker  
  55  4:38  Probe  
  55  4:42  Probe  
  55  4:43  Pylon, Observer  
  58  4:50  Probe  
  59  4:54  Stalker  
  59  4:58  Twilight Council  
  60  5:03  Probe  
  60  5:06  Probe  
  59  5:08  Stalker  
  59  5:11  Probe  
  60  5:15  Probe  
  60  5:19  Stalker  
  63  5:21  Probe  
  63  5:23  Probe  
  65  5:31  Pylon  
  65  5:33  Probe  
  66  5:35  Probe  
  66  5:36  Stalker  
  66  5:42  Probe  
  69  5:45  Probe  
  69  5:46  Blink  
  70  5:50  Probe  
  70  5:53  Probe  
  70  6:00  Probe  
  71  6:04  Probe  
  71  6:05  Forge  
  71  6:10  Probe  
  72  6:12  Assimilator  
  72  6:13  Probe  
  72  6:15  Assimilator  
  74  6:18  Probe  
  74  6:20  Pylon  
  74  6:21  Probe  
  76  6:26  Protoss Ground Weapons Level 1, Probe  
  76  6:30  Probe  
  77  6:34  Pylon  
  77  6:38  Probe  
  77  6:39  Immortal  
  82  6:58  Gateway x2  
  81  7:02  Gateway  
  81  7:04  Gateway  
  81  7:08  Templar Archives  
  81  7:18  Immortal  
  85  7:24  Gateway x2  
  85  7:28  Resonating Glaives  
  85  7:29  Gateway  
  85  7:32  Pylon  
  80  7:57  Warp Prism, High Templar x4  
  80  7:58  Adept x2  
  92  8:01  Archon  
  92  8:02  Pylon, Archon  
  94  8:12  Pylon  
  94  8:18  Adept x2  
  94  8:19  Adept  
  100  8:21  Pylon  
  100  8:35  Adept x3  
  106  8:43  Pylon  
  106  8:51  High Templar x2, Adept  
  106  8:52  Adept  
  106  8:53  Adept  
  116  8:56  Archon  
  114  9:08  Adept x2  
  118  9:10  Adept  
  118  9:11  Adept  
  118  9:12  Adept  
  113  9:19  Stalker  
  113  9:30  Adept  
Show
View Real Time Build Order
Export as new Build Order

Harstem Protoss - Winner!

Build Orders: Oracle Opening, Zealot Archon 

Get SALT Encoding   

  12  0:01  Probe  
  13  0:13  Probe  
  14  0:17  Pylon  
  14  0:24  Probe  
  15  0:32  Probe  
  15  0:38  Gateway  
  15  0:40  Probe  
  17  0:50  Probe  
  17  0:53  Assimilator  
  18  0:57  Assimilator  
  18  0:58  Probe  
  19  1:07  Probe  
  19  1:08  Gateway  
  20  1:17  Probe  
  20  1:24  Cybernetics Core  
  21  1:30  Probe  
  22  1:34  Pylon  
  22  1:42  Probe  
  23  1:54  Probe  
  24  2:01  Sentry, Stalker, Warp Gate  
  28  2:06  Probe  
  29  2:10  Pylon  
  29  2:29  Stalker  
  30  2:39  Stargate  
  30  2:51  Nexus  
  30  3:03  Stalker  
  30  3:04  Probe  
  33  3:16  Oracle, Probe  
  33  3:17  Shield Battery  
  37  3:28  Stalker  
  39  3:36  Pylon  
  39  3:50  Oracle  
  39  3:54  Probe, Cybernetics Core  
  43  4:03  Probe  
  43  4:06  Probe  
  45  4:12  Stalker  
  45  4:13  Probe  
  47  4:20  Probe  
  47  4:21  Probe  
  49  4:27  Forge  
  49  4:30  Oracle  
  53  4:36  Probe  
  53  4:38  Pylon, Probe  
  55  4:47  Probe  
  55  4:48  Probe  
  55  4:51  Pylon  
  57  4:54  Twilight Council  
  57  5:00  Probe  
  57  5:06  Probe  
  59  5:12  Probe  
  60  5:17  Sentry, Stalker  
  60  5:19  Assimilator  
  60  5:20  Protoss Ground Weapons Level 1  
  60  5:21  Probe, Assimilator  
  64  5:24  Probe  
  66  5:33  Probe  
  67  5:36  Probe  
  67  5:37  Gateway  
  68  5:43  Charge  
  68  5:45  Pylon, Probe  
  68  5:46  Pylon  
  68  5:48  Probe  
  67  6:02  Gateway  
  67  6:03  Gateway  
  67  6:06  Robotics Facility  
  67  6:11  Probe  
  67  6:12  Probe  
  69  6:20  Zealot x2  
  69  6:23  Probe  
  74  6:27  Templar Archives  
  74  6:28  Gateway  
  74  6:32  Gateway  
  74  6:40  Probe  
  74  6:43  Protoss Ground Weapons Level 2  
  74  6:46  Immortal  
  75  6:54  Nexus  
  75  7:00  Pylon  
  79  7:04  High Templar x2  
  79  7:08  Pylon, Gateway  
  83  7:09  Archon  
  83  7:11  Probe x2  
  85  7:25  Immortal  
  85  7:26  Probe  
  85  7:27  Probe  
  91  7:39  Probe x2  
  91  7:42  Pylon  
  93  7:46  Photon Cannon  
  93  7:47  Pylon  
  94  7:55  High Templar x2  
  94  7:56  Zealot x3  
  105  8:01  Archon  
  105  8:03  Shield Battery  
  103  8:07  Shield Battery  
  103  8:10  Shield Battery  
  103  8:12  Zealot x3  
  109  8:17  High Templar x2  
  109  8:18  Zealot  
  115  8:25  Archon  
  115  8:28  Zealot x2  
  115  8:31  Shield Battery  
  121  8:34  Immortal  
  121  8:37  Zealot  
  121  8:41  Zealot  
  125  8:48  Probe x3  
  128  8:49  Assimilator  
  128  8:53  High Templar x2, Zealot, Assimilator  
  134  8:56  Pylon  
  134  8:59  Archon  
  134  9:00  Zealot x2  
  138  9:06  Zealot  
  140  9:16  Zealot x3  
  142  9:22  Zealot x2  
  132  9:27  Zealot x3  
Tags
 
Add a new tag
Caveats
  • Supply blocks, unpowered buildings, or Contaminate may cause inaccurate times.
  • Supply counts are checked every 10 seconds.